 Dungeon Crawl Stone Soup version 0.30-a0-718-geaa24f58ff (webtiles) character file.

Game seed: 16129757010950181481

667 Newt the Skirmisher (level 7, 0/44 HPs)
             Began as a Kobold Hunter on Jan 25, 2023.
             Was an Initiate of Gozag.
             Slain by Duvessa
             ... wielding a +0 short sword
              (9 damage)
             ... on level 5 of the Dungeon.
             The game lasted 00:04:18 (3957 turns).

Newt the Skirmisher (Kobold Hunter)                 Turns: 3957, Time: 00:04:18

Health: 0/44       AC:  5    Str:  8    XL:     7   Next: 88%
Magic:  7/7        EV: 17    Int: 10    God:    Gozag
Gold:   261        SH:  0    Dex: 21    Spells: 6/6 levels left

rFire   . . .      SeeInvis .    k - +1 sling (elec)
rCold   . . .      Faith    .    (no shield)
rNeg    . . .      Spirit   .    c - +0 leather armour
rPois   .          Reflect  .    (no helmet)
rElec   .          Harm     .    (no cloak)
rCorr   .          Rampage  .    l - +1 pair of gloves
Will    .....                    (no boots)
Stlth   +++                      (no amulet)
HPRegen 0.27/turn                (no ring)
MPRegen 0.10/turn                (no ring)

@: no status effects
A: small, no large weapons, nightstalker 3
a: Renounce Religion, Potion Petition, Call Merchant, Bribe Branch


You were on level 5 of the Dungeon.
You worshipped Gozag.
Gozag was aware of your devotion.
You visited 1 branch of the dungeon, and saw 5 of its levels.

You collected 324 gold pieces.
You paid 63 gold pieces to Gozag.

Inventory:

Hand Weapons
 a - a +0 shortbow
 k - a +1 sling of electrocution (weapon)
Armour
 c - a +0 leather armour (worn)
 h - a +1 robe of willpower
 l - a +1 pair of gloves (worn)
Scrolls
 b - a scroll of immolation
Potions
 d - a potion of cancellation
 f - 2 potions of flight
 g - a potion of magic
 i - a potion of lignification {unknown}
 j - a potion of invisibility {unknown}
 n - a potion of berserk rage {unknown}


   Skills:
 - Level 5.0 Fighting
 - Level 9.0 Ranged Weapons
 + Level 5.4 Dodging
 - Level 1.3 Stealth


You had 6 spell levels left.
You didn't know any spells.
Your spell library contained the following spells:

 Spells                   Type           Power      Damage    Failure   Level
 Sublimation of Blood     Necr           0%         N/A       63%         2
 Inner Flame              Hex/Fire       0%         N/A       86%         3
 Ozocubu's Armour         Ice            0%         N/A       86%         3
 Flame Wave               Conj/Fire      0%         2d4       99%         4
 Petrify                  Tmut/Erth      0%         N/A       99%         4
 Sticky Flame             Conj/Fire      0%         2d3       99%         4
 Irradiate                Conj/Tmut      0%         3d11      100%        5
 Ozocubu's Refrigeration  Ice            0%         4d7       100%        7


Dungeon Overview and Level Annotations

Branches:
Dungeon (5/15)
 Temple: D:4-7

Altars:
Gozag
Okawaru
Yredelemnul

Shops:
D:2 :   D:4 [

Annotations:
D:5 Dowan, Duvessa


Innate Abilities, Weirdness & Mutations

You are small and have problems with some larger weapons.
You are completely attuned to the shadows.


Message History

Duvessa barely misses you.
You shoot a sling bullet.
The sling bullet hits Duvessa but does no damage.
Duvessa is lightly wounded.
Duvessa barely misses you.
You shoot a sling bullet. The sling bullet barely misses Duvessa.
The sling bullet completely misses Dowan.
The sling bullet hits the black bear.
Lightning courses through the black bear!
The black bear is severely wounded.
Duvessa hits you with a +0 short sword. Duvessa hits you but does no damage.
You shoot a sling bullet. The sling bullet hits Duvessa.
Duvessa is moderately wounded.
Duvessa hits you with a +0 short sword!
* * * LOW HITPOINT WARNING * * *
The black bear goes berserk!
Okay, then.
Throw: throwing net
Press: ? - help, Shift-Dir - straight line, f/p - Duvessa
Aim: Duvessa, wielding a +0 short sword and wearing a +0 scale mail (moderately wounded, fast, 71% to hit)
You throw a throwing net. The throwing net hits Duvessa.
Duvessa is caught in the net!
Duvessa is moderately wounded.
Duvessa struggles against the net. x2
Duvessa struggles against the net.
The net rips apart, and Duvessa comes free!
Duvessa says, "My weaknesses are his strengths!"
As you read the scroll of fog, it crumbles to dust.
The scroll dissolves into smoke.
Duvessa misses you. Duvessa closely misses you.
Duvessa hits you but does no damage.
You hear an angry growl.
Duvessa misses you.
You hear an angry growl.
Duvessa attacks as you move away! Duvessa hits you with a +0 short sword!
* * * LOW HITPOINT WARNING * * *
Duvessa attacks as you move away! Duvessa closely misses you.
Duvessa hits you with a +0 short sword!
You die...
Your body crumbles into a pile of gold.

### ##§##
..#######§§§#
....h.§§§§§§###
....#######§§§# ....#
###.### ....## #.h.##
##...## ###e.###
#.....## ##e..##
.......## ##@....
........### ##......
..........####.......
.......##....##.<....
.......#####5........
.<....## ####......
......# ##.....
..≈...# ##....
..~..## ...


You could see Duvessa (fast), a black bear (berserk) and Dowan.

Vanquished Creatures
  Grinder (D:5)
  Menkaure (D:4)
  A phantom (D:4)
  2 scorpions (D:4)
  2 orc wizards (D:4)
  Robin (D:4)
  2 adders
  2 worms (D:2)
  A dart slug (D:2)
  8 orcs (D:4)
  5 ball pythons
  5 endoplasms
  3 giant cockroaches
  13 goblins
  10 hobgoblins
  6 kobolds
  3 quokkas
  4 bats
  A frilled lizard (D:1)
  5 rats
76 creatures vanquished.

Vanquished Creatures (others)
  3 fungi (D:4)
3 creatures vanquished.

Grand Total: 79 creatures vanquished

Notes
Turn   | Place    | Note
-------+----------+-------------------------------------------
     0 | D:1      | Newt the Kobold Hunter began the quest for the Orb.
     0 | D:1      | Reached XP level 1. HP: 12/12 MP: 1/1
   494 | D:1      | Found a faded altar of an unknown god.
   511 | D:1      | Reached XP level 2. HP: 18/18 MP: 2/2
   884 | D:2      | Reached XP level 3. HP: 11/24 MP: 3/3
  1402 | D:2      | Found Winalas's Book Shop.
  1907 | D:3      | Reached XP level 4. HP: 30/30 MP: 4/4
  2259 | D:3      | Found an opulent altar of Gozag.
  2357 | D:4      | Reached skill level 5 in Fighting
  2357 | D:4      | Reached XP level 5. HP: 35/35 MP: 5/5
  2394 | D:4      | Reached skill level 6 in Ranged Weapons
  2468 | D:4      | Reached skill level 7 in Ranged Weapons
  2468 | D:4      | Reached XP level 6. HP: 40/40 MP: 6/6
  2474 | D:4      | Noticed Menkaure
  2483 | D:4      | Killed Menkaure
  2484 | D:4      | Reached skill level 8 in Ranged Weapons
  2780 | D:4      | Found Agramie's Antique Armour Shoppe.
  2963 | D:4      | Reached skill level 9 in Ranged Weapons
  2963 | D:4      | Reached XP level 7. HP: 36/44 MP: 7/7
  3001 | D:3      | Became a worshipper of Gozag Ym Sagoz the Greedy
  3038 | D:4      | Noticed Robin
  3125 | D:4      | Found an iron altar of Okawaru.
  3129 | D:4      | Found a basalt altar of Yredelemnul.
  3183 | D:4      | Killed Robin
  3682 | D:5      | Entered Level 5 of the Dungeon
  3707 | D:5      | Noticed Grinder
  3710 | D:5      | Noticed Duvessa
  3866 | D:5      | Killed Grinder
  3867 | D:5      | Reached skill level 5 in Dodging
  3927 | D:5      | Noticed Dowan
  3957 | D:5      | Slain by Duvessa

Illustrated notes

Levels and vault maps discovered:
D:1:      saegor_arrival_miasma, layout_basic,
          dreamdust_ecumenical_altar_angels_and_demons
D:2:      layout_loops_corners, serial_shops, shop,
          minmay_misc_feat_secret_circle
D:3:      layout_rooms, nicolae_overflow_hidden_temple
D:4:      layout_rooms, minitemple, serial_shops, nicolae_diamond_shop,
          serial_aquarium, aquarium_bridge_square [aquarium_subvault_bridge,
          aquarium_subvault_bridge, aquarium_subvault_wall,
          aquarium_subvault_bridge], aquarium_bridge_square
          [aquarium_subvault_bridge, aquarium_subvault_wall,
          aquarium_subvault_wall, aquarium_subvault_window],
          aquarium_window_fake, aquarium_window_2, aquarium_window_fake,
          aquarium_view_2d, aquarium_view_2e,
          amcnicky_mini_rare_corridor_liquid, reono_crystal_passage,
          ebering_dispersal_statue_hall, uniq_menkaure, uniq_robin
D:5:      layout_cave_pods, serial_shops, nicolae_stop_n_shop_1,
          nicolae_shop_stone, hangedman_decor_opposing,
          chequers_serial_rivers_small_a, kennysheep_cluttered_room,
          minmay_fire_ice_demons, uniq_grinder, uniq_duvessa, uniq_ijyb,
          uniq_prince_ribbit1

Skill      XL: |  1  2  3  4  5  6  7 |
---------------+----------------------+-----
Fighting       | 3 4 5 |  5.0
Ranged Weapons | 7 9 |  9.0
Dodging        | 5 |  5.4
Stealth        | |  1.3

Action                     |  1- 3 |  4- 6 |  7- 9 || total
---------------------------+-------+-------+-------++-------
   Fire: Shortbow          |    19 |       |       ||    19
         Sling             |    44 |    72 |    74 ||   190
  Throw: Throwing net      |       |     2 |     1 ||     3
    Use: Scroll            |     4 |       |     4 ||     8
         Potion            |       |       |     1 ||     1
 Armour: Leather armour    |     6 |     4 |    14 ||    24
  Dodge: Dodged            |    18 |    21 |    35 ||    74

Table legend: (Time is in decaauts)
 A = Elapsed time spent in this place.
 B = Non-inter-level travel time spent in this place.
 C = Inter-level travel time spent in this place.
 D = Time resting spent in this place.
 E = Time spent auto-exploring this place.
 F = Levels seen in this place.
 G = Mean time per level.
                   A        B        C        D        E       F      G
               +--------+--------+--------+--------+--------+-----+--------+
         Total |   3981 |   3802 |    179 |    551 |   2763 |   5 |  796.2 |
       Dungeon |   3981 |   3802 |    179 |    551 |   2763 |   5 |  796.2 |
               +--------+--------+--------+--------+--------+-----+--------+

Top non-repeatable levels by time:
     D:4: 1436 daAuts
     D:2: 1116 daAuts
     D:1: 751 daAuts
     D:3: 522 daAuts
     D:5: 154 daAuts
